 Dungeon Crawl Stone Soup version 0.19.0-22-gd96e5fe (webtiles) character file.

3528 DeXoteric the Grappler (level 9, -8/72 HPs)
             Began as a Troll Fighter on Nov 19, 2016.
             Was a Believer of Hepliaklqana.
             Killed by divine providence
             ... invoked by an orc priest
              (17 damage)
             ... on level 9 of the Dungeon.
             The game lasted 00:21:39 (5554 turns).

DeXoteric the Grappler (Troll Fighter)              Turns: 5554, Time: 00:21:39

Health: -8/72      AC: 11    Str: 26    XL:     9   Next: 82%
Magic:  8/8        EV: 10    Int:  4    God:    Hepliaklqana [**....]
Gold:   416        SH: 11    Dex: 12    Spells: 0 memorised, 8 levels left

rFire  + . .     SeeInvis .       - Unarmed
rCold  . . .     Gourm    +     K - +2 robe {MR+}
rNeg   . . .     Faith    .     b - +0 shield
rPois  .         Spirit   .     m - +1 hat
rElec  .         Reflect  .     (no cloak)
rCorr  .         Harm     .     (gloves unavailable)
MR     ++...                    (boots unavailable)
Stlth  +.........               u - amulet of regeneration
                                D - ring of protection from magic
                                s - +3 ring of protection

@: no status effects
A: unfitting armour, reduced essence, claws 3, fire resistance 1, fast
metabolism 3, gourmand, regeneration 1, shaggy fur 1, tough skin 2
a: Ancestor Life: Knight, Ancestor Life: Battlemage, Ancestor Life: Hexer,
Recall Ancestor, Ancestor Identity, Renounce Religion


You were on level 9 of the Dungeon.
You worshipped Hepliaklqana.
Hepliaklqana was pleased with you.
You were completely stuffed.

You visited 2 branches of the dungeon, and saw 10 of its levels.

You collected 416 gold pieces.

Inventory:

Armour
 a - a +0 robe
 b - a +0 shield (worn)
 m - a +1 hat (worn)
 K - a +2 robe of magic resistance (worn)
Jewellery
 s - a +3 ring of protection (left claw)
 u - an amulet of regeneration (around neck)
 D - a ring of protection from magic (right claw)
 E - an uncursed amulet of guardian spirit {unknown}
 O - an uncursed ring of wizardry {unknown}
Wands
 v - a wand of teleportation (3/9)
 L - a wand of confusion (30/48)
Scrolls
 e - a scroll of recharging {unknown}
 f - 5 scrolls of remove curse {unknown}
 g - a scroll of immolation {unknown}
 h - a scroll of fog {unknown}
 i - 5 scrolls of fear {unknown}
 n - 3 scrolls of teleportation {unknown}
 o - 3 scrolls of random uselessness {unknown}
 q - a scroll of blinking {unknown}
 r - a scroll of amnesia {unknown}
 y - 2 scrolls of magic mapping {unknown}
 z - a scroll of noise {unknown}
 F - 2 scrolls of identify
 N - a scroll of enchant armour {unknown}
Potions
 c - 2 potions of might
 j - a potion of berserk rage {unknown}
 k - 2 potions of flight
 l - a potion of curing
 p - 2 potions of heal wounds
 w - 2 potions of cure mutation
 A - a potion of agility {unknown}
 C - a potion of ambrosia {unknown}
 G - a potion of mutation {unknown}
 H - a potion of degeneration {unknown}
 I - a potion of invisibility {unknown}
 M - a potion of resistance {unknown}
Miscellaneous
 x - a lamp of fire
Comestibles
 d - 9 bread rations
 t - 4 meat rations
 B - 4 beef jerkies
 J - 8 chunks of flesh


   Skills:
 - Level 2.4 Fighting
 - Level 2.4 Dodging
 + Level 8.8 Shields
 + Level 10.1 Unarmed Combat


You had 8 spell levels left.
You didn't know any spells.

Dungeon Overview and Level Annotations

Branches:
Dungeon (9/15)             Temple (1/1) D:5
   Lair: D:8-11         Orc: D:9-12

Altars:
Ashenzari
Cheibriados
Dithmenos
Elyvilon
Fedhas
Gozag
Hepliaklqana
Kikubaaqudgha
Makhleb
Nemelex Xobeh
Okawaru
Qazlal
Ru
Sif Muna
Trog
Uskayaw
Vehumet
Xom
Yredelemnul
Zin
The Shining One


Innate Abilities, Weirdness & Mutations

You are too large for most types of armour.
You have claws for hands.
Your metabolism is lightning-fast.
You like to eat raw meat.
Your natural rate of healing is unusually fast.
You are covered in fur. (AC +1)
You have very tough skin. (AC +2)
Your life essence is reduced. (-10% HP)
Your flesh is heat resistant. (rF+)


Message History

Wilfreda hits the orc warrior but does no damage.
The orc priest calls down the wrath of Beogh upon you.
Beogh smites you!
* * * LOW HITPOINT WARNING * * *
The orc priest looks encouraged for a moment.
Wilfreda closely misses the orc warrior.
The orc priest mumbles some strange prayers to Beogh against you.
Beogh smites you!
* * * LOW HITPOINT WARNING * * *
The orc priest mumbles some strange prayers to Beogh against you.
Beogh smites you!
* * * LOW HITPOINT WARNING * * *
The warg closely misses Wilfreda.
The orc wizard casts a spell.
The orc wizard flickers and vanishes!
Deactivating autopickup; reactivate with Ctrl-A.
Wilfreda hits the orc warrior.
The orc priest mumbles some strange prayers to Beogh against you.
Beogh smites you!
You die...

##.#.#.#.#.#.#.#.........
#..#.#.#.#.#.#.#....##.#.
#..#.#.#...#.#.#....##.#.
#..#.#.......#.#.......#.
#..#...........#.#.......
#............. #.##....
#.#.#....###.# ###.......
#.#.......## .. ..>.....
#.......T..##.# #.##.#..
####....o.....# # #..
#...R...#### .....
#######..h..## ...#..
...........## ####..
######[#### #.. #o# #..


oo. .. #)... .. You could see the friendly Wilfreda the ancestor, a warg, an orc
warrior and 3 orc priests.

Vanquished Creatures
  Pikel (D:5)
  A hungry ghost (D:7)
  4 hogs (D:7)
  Edmund (D:4)
  The ghost of Zaque the Cudgeler, an amateur GrMo of Hepliaklqana (D:3)
  An ice beast (D:7)
  An orc warrior (D:6)
  A phantom (D:4)
  4 slaves (D:5)
  2 centaurs
  3 bullfrogs
  4 scorpions
  2 howler monkeys
  A crimson imp (D:5)
  A jelly (D:9)
  2 hounds
  4 orc priests
  3 orc wizards
  2 iguanas
  5 worker ants
  2 hound zombies
  A worker ant zombie (D:5)
  Robin (D:4)
  4 gnolls (D:7)
  11 adders
  3 shadow imps
  2 oozes
  6 worms
  2 dart slugs
  3 leopard geckos
  14 orcs
  5 giant cockroaches
  17 goblins
  10 hobgoblins
  3 jackals (D:2)
  8 kobolds
  A quokka (D:9)
  11 bats
  5 frilled lizards
  2 leopard gecko skeletons
  A quokka skeleton (D:4)
  A quokka zombie (D:8)
  14 rats
171 creatures vanquished.

Vanquished Creatures (collateral kills)
  A human (D:7)
  A warg (D:9)
  An ogre (D:6)
  A bullfrog (D:8)
  An orc wizard (D:8)
  An adder (D:7)
  A worm (D:6)
  3 orcs
  A giant cockroach (D:8)
  A quokka (D:6)
12 creatures vanquished.

Vanquished Creatures (others)
  An ancestor (D:7)
1 creature vanquished.

Grand Total: 184 creatures vanquished

Notes
Turn   | Place    | Note
-------+----------+-------------------------------------------
     0 | D:1      | DeXoteric the Troll Fighter began the quest for the Orb.
     0 | D:1      | Reached XP level 1. HP: 22/22 MP: 0/0
   166 | D:1      | Reached XP level 2. HP: 29/29 MP: 1/1
   835 | D:2      | Reached XP level 3. HP: 36/36 MP: 2/2
   844 | D:2      | Reached skill level 3 in Unarmed Combat
   996 | D:2      | Found a shimmering altar of Xom.
  1042 | D:2      | Reached XP level 4. HP: 43/44 MP: 3/3
  1413 | D:3      | Found a shattered altar of Ashenzari.
  1874 | D:3      | Noticed a moth of wrath
  1877 | D:3      | Found a bloodstained altar of Trog.
  1967 | D:3      | Noticed Zaque's ghost (amateur GrMo)
  1980 | D:3      | Killed Zaque's ghost
  1980 | D:3      | Reached skill level 4 in Unarmed Combat
  1980 | D:3      | Reached XP level 5. HP: 50/50 MP: 4/4
  2121 | D:4      | Gained mutation: Your flesh is heat resistant. (rF+) [potion of beneficial mutation]
  2182 | D:4      | Reached XP level 6. HP: 59/59 MP: 5/5
  2232 | D:4      | Reached skill level 5 in Unarmed Combat
  2282 | D:4      | Noticed Edmund
  2313 | D:4      | Killed Edmund
  2313 | D:4      | Reached skill level 5 in Shields
  2313 | D:4      | Reached XP level 7. HP: 64/66 MP: 6/6
  2392 | D:4      | Noticed Robin
  2409 | D:4      | Killed Robin
  2598 | D:4      | Reached skill level 6 in Unarmed Combat
  2640 | D:5      | Entered Level 5 of the Dungeon
  2676 | D:5      | Noticed Pikel
  2996 | D:5      | Found a staircase to the Ecumenical Temple.
  3010 | D:5      | Killed Pikel
  3010 | D:5      | Reached skill level 7 in Unarmed Combat
  3010 | D:5      | Reached XP level 8. HP: 68/74 MP: 7/7
  3019 | Temple   | Entered the Ecumenical Temple
  3083 | Temple   | Became a worshipper of Hepliaklqana the Forgotten
  3563 | D:6      | Found a basalt altar of Yredelemnul.
  3587 | D:6      | Found an opulent altar of Gozag.
  3731 | D:6      | Reached * piety under Hepliaklqana
  3756 | D:6      | Reached skill level 8 in Unarmed Combat
  3804 | D:6      | Found a sparkling altar of Nemelex Xobeh.
  3814 | D:6      | Found a sacrificial altar of Ru.
  3913 | D:6      | Found a snail-covered altar of Cheibriados.
  4285 | D:7      | Reached XP level 9. HP: 72/72 MP: 8/8
  4461 | D:7      | Found a blossoming altar of Fedhas.
  4555 | D:7      | Reached skill level 9 in Unarmed Combat
  5011 | D:8      | Reached ** piety under Hepliaklqana
  5447 | D:9      | Reached skill level 10 in Unarmed Combat
  5554 | D:9      | Killed from afar by an orc priest

Skill      XL: |  1  2  3  4  5  6  7  8  9 |
---------------+----------------------------+-----
Unarmed Combat | 3 4 5 7 8 10 | 10.1
Shields        | 3 4 5 6 7 8 |  8.8
Fighting       | |  2.4
Dodging        | |  2.4

Action                   |  1- 3 |  4- 6 |  7- 9 || total
-------------------------+-------+-------+-------++-------
Melee: Unarmed           |   104 |   170 |   322 ||   596
Invok: Ancestor Identity |       |       |     1 ||     1
  Use: Scroll            |       |     3 |     3 ||     6
       Potion            |       |     1 |     1 ||     2
 Stab: Sleeping          |     1 |       |       ||     1
       Distracted        |       |       |     2 ||     2
  Eat: Chunk             |    15 |    12 |    30 ||    57
Armor: Robe              |    22 |    66 |    83 ||   171
Dodge: Dodged            |    28 |    44 |    91 ||   163
Block: Shield            |    43 |    67 |   141 ||   251
